 Dungeon Crawl Stone Soup version 0.30-a0-176-gdd20fb7 (webtiles) character file.

Game seed: 4655821904993601991

331 HDogLeCool the Poker (level 6, 0/45 HPs)
             Began as a Minotaur Gladiator on Feb 16, 2022.
             Was a Follower of Hepliaklqana.
             Slain by Pikel
             ... wielding a +2 whip of freezing
              (3 damage)
             ... on level 4 of the Dungeon on Oct 2, 2022.
             The game lasted 00:09:14 (3180 turns).

HDogLeCool the Poker (Minotaur Gladiator)           Turns: 3180, Time: 00:09:15

Health: 0/45       AC:  8    Str: 25    XL:     6   Next: 26%
Magic:  0/5        EV: 12    Int:  5    God:    Hepliaklqana [*.....]
Gold:   189        SH:  0    Dex: 11    Spells: 5/5 levels left

rFire   . . .      SeeInvis .    a - +0 trident
rCold   . . .      Faith    .    (no shield)
rNeg    . . .      Spirit   +    y - +0 ring mail
rPois   +          Reflect  .    c - +0 hat
rElec   .          Harm     .    k - +0 cloak
rCorr   .          Rampage  .    b - +0 pair of gloves of Arifiom {rPois Str+4}
Will    .....                    (no boots)
Stlth   +.........               q - amulet of guardian spirit
HPRegen 0.27/turn                (no ring)
MPRegen 0.09/turn                (no ring)

@: no status effects
A: reduced essence, horns 2, retaliatory headbutt
a: Renounce Religion, Recall Ancestor, Ancestor Identity


You were on level 4 of the Dungeon.
You worshipped Hepliaklqana.
Hepliaklqana was aware of your devotion.
You visited 1 branch of the dungeon, and saw 4 of its levels.

You collected 211 gold pieces.
You spent 22 gold pieces at shops.

Inventory:

Hand Weapons
 a - a +0 trident (weapon)
Missiles
 d - 3 throwing nets (quivered)
 f - 171 stones
 t - 11 poisoned darts
 u - 5 atropa-tipped darts
Armour
 b - the +0 pair of gloves of Arifiom (worn) {rPois Str+4}
   (You found it on level 4 of the Dungeon)

   Str:       It affects your strength (+4).
   rPois:     It protects you from poison.
 c - a +0 hat (worn)
 k - a +0 cloak (worn)
 y - a +0 ring mail (worn)
Jewellery
 q - an amulet of guardian spirit (around neck)
Scrolls
 i - 2 scrolls of teleportation
 j - a scroll of vulnerability
Potions
 e - 3 potions of flight
 g - a potion of invisibility
 h - 2 potions of attraction
 l - a potion of magic {unknown}
 m - a potion of heal wounds {unknown}
 o - a potion of cancellation {unknown}
 p - a potion of curing {unknown}
 s - 2 potions of mutation {unknown}
 v - 3 potions of might {unknown}
 x - 3 potions of ambrosia {unknown}
 z - a potion of berserk rage {unknown}


   Skills:
 + Level 3.5 Fighting
 * Level 6.6 Polearms
 - Level 2.0 Throwing
 + Level 3.7 Armour
 + Level 3.9 Dodging


You had 5 spell levels left.
You didn't know any spells.
Your spell library was empty.

Dungeon Overview and Level Annotations

Branches:
Dungeon (4/15)
 Temple: D:4-7

Altars:
Hepliaklqana

Shops:
D:2 ?

Annotations:
D:4 Pikel


Innate Abilities, Weirdness & Mutations

Your life essence is reduced to manifest your ancestor. (-10% HP)
You have a pair of horns on your head.
You reflexively headbutt those who attack you in melee.


Message History

You closely miss the orc. You puncture the orc!
You kill the orc!
The orc hits you but does no damage.
You puncture the orc!
You kill the orc!
You puncture the orc!
You kill the orc!
Lwandle hits the lemure!
The lemure hits Lwandle.
Pikel says, "You'll feel the lick of my whip!"
Pikel hits Lwandle with a +2 whip of freezing!
Pikel freezes Lwandle.
You reach to attack!
You barely miss the lemure.
The lemure is moderately wounded.
Lwandle hits the lemure but does no damage.
A lemure comes into view.
Pikel waves his whip at you.
You hit the lemure.
The lemure is moderately wounded.
Lwandle hits the lemure.
The lemure barely misses you.
You barely miss the lemure. Your headbutt misses the lemure.
The lemure is heavily wounded.
Lwandle closely misses the lemure.
The lemure barely misses you. The lemure hits you!
Pikel hits you with a +2 whip of freezing!
Pikel freezes you.
You hit Pikel. Your headbutt misses Pikel.
Pikel is lightly wounded.
Lwandle completely misses the lemure.
Pikel hits you with a +2 whip of freezing!
Pikel freezes you. The lemure hits you but does no damage.
You barely miss Pikel.
Pikel is lightly wounded.
The lemure hits Lwandle.
The lemure hits you!
* * * LOW HITPOINT WARNING * * *
The lemure barely misses you.
Pikel hits you with a +2 whip of freezing!
* * * LOW HITPOINT WARNING * * *
Pikel freezes you.
You die...

P~P~......[###..#..##....#...#
~~~P............#..##.[..#...#
.........#......#..###........
.#..#....##........##.........
##..##....#.......###.........
#.............#..............
##............####..........#
#.............###..#........
###..........5@#..##...#....
#..#.......KR5..##..###...
######......55...#
##....$.)##.... #......##. ...
#....... .. #. ........ ...
#....## ...


You could see the friendly Lwandle the ancestor, Pikel and 4 lemures.

Vanquished Creatures
  Blork the orc (D:4)
  A hound (D:4)
  An orc wizard (D:4)
  7 adders
  An ufetubus (D:4)
  A worm (D:2)
  3 dart slugs
  8 orcs
  8 endoplasms
  5 giant cockroaches
  3 goblins
  6 hobgoblins
  3 jackals (D:2)
  10 ball pythons
  4 bats
  5 frilled lizards
  8 kobolds
  9 rats
84 creatures vanquished.

Vanquished Creatures (collateral kills)
  An iguana (D:4)
  A worm (D:3)
  3 orcs
  A goblin (D:3)
  A hobgoblin (D:3)
  A quokka (D:4)
  A kobold (D:3)
9 creatures vanquished.

Vanquished Creatures (others)
  2 ancestors (D:4)
  2 plants (D:4)
4 creatures vanquished.

Grand Total: 97 creatures vanquished

Notes
Turn   | Place    | Note
-------+----------+-------------------------------------------
     0 | D:1      | HDogLeCool the Minotaur Gladiator began the quest for the
                  | Orb.
     0 | D:1      | Reached XP level 1. HP: 18/18 MP: 0/0
    85 | D:1      | Reached skill level 4 in Polearms
    89 | D:1      | Reached XP level 2. HP: 22/25 MP: 1/1
   194 | D:1      | Reached skill level 1 in Armour
   578 | D:1      | Reached XP level 3. HP: 30/30 MP: 2/2
   854 | D:2      | Found Ceunil's Magic Scroll Boutique.
   857 | D:2      | Bought a scroll of identify for 22 gold pieces
   926 | D:2      | Reached skill level 5 in Polearms
  1182 | D:2      | Reached XP level 4. HP: 37/37 MP: 3/3
  1999 | D:3      | Found a faded altar of an unknown god.
  2029 | D:3      | Prayed at the altar of an unknown god.
  2029 | D:3      | Became a worshipper of Hepliaklqana the Forgotten
  2029 | D:3      | Reached * piety under Hepliaklqana
  2141 | D:3      | Upgraded the game from 0.29-a0-106-g0a07039 to
                  | 0.29-a0-311-gcbd9eb2
  2141 | D:3      | Upgraded the game from 0.29-a0-311-gcbd9eb2 to
                  | 0.30-a0-176-gdd20fb7
  2274 | D:3      | Reached XP level 5. HP: 37/39 MP: 4/4
  2694 | D:4      | Reached skill level 6 in Polearms
  2916 | D:4      | Noticed Blork the orc
  2923 | D:4      | Killed Blork the orc
  2924 | D:4      | Reached XP level 6. HP: 31/45 MP: 3/5
  3117 | D:4      | Identified the +0 pair of gloves of Arifiom {rPois Str+4}
  3170 | D:4      | Noticed Pikel
  3180 | D:4      | Slain by Pikel

Illustrated notes

Levels and vault maps discovered:
D:1:      sevenhm_arrival_forest_fort_small_4, layout_basic
D:2:      layout_basic, serial_shops, nicolae_shop_window_shopping,
          hangedman_glass_teeth, chequers_hall_statues_wall_a
D:3:      layout_basic, basic_ecumenical_altar
D:4:      layout_cave_pools, serial_bayou, serial_bayou_pond_d,
          serial_bayou_shore_b, serial_bayou_shore_b, serial_bayou_shore_a,
          st_stairs_3, uniq_pikel, uniq_grinder, uniq_duvessa,
          uniq_blork_the_orc

Skill      XL: |  1  2  3  4  5 |
---------------+----------------+-----
Polearms       | 4 5 6 |  6.6
Armour         | 1 2 3 |  3.7
Fighting       | 3 |  3.5
Throwing       | |  2.0
Dodging        | |  3.9

Action                   |  1- 3 |  4- 6 || total
-------------------------+-------+-------++-------
Melee: Trident           |    86 |   137 ||   223
       Headbutt          |     7 |    11 ||    18
       Punch             |     1 |     1 ||     2
Invok: Ancestor Identity |       |     1 ||     1
       Recall Ancestor   |       |     1 ||     1
  Use: Scroll            |     2 |     5 ||     7
 Stab: Sleeping          |       |     2 ||     2
Armor: Leather armour    |    15 |    18 ||    33
       Ring mail         |       |     2 ||     2
Dodge: Dodged            |    31 |    54 ||    85

Table legend: (Time is in decaauts)
 A = Elapsed time spent in this place.
 B = Non-inter-level travel time spent in this place.
 C = Inter-level travel time spent in this place.
 D = Time resting spent in this place.
 E = Time spent auto-exploring this place.
 F = Levels seen in this place.
 G = Mean time per level.
                   A        B        C        D        E       F      G
               +--------+--------+--------+--------+--------+-----+--------+
         Total |   3212 |   3106 |    106 |    412 |   1973 |   4 |  803.0 |
       Dungeon |   3212 |   3106 |    106 |    412 |   1973 |   4 |  803.0 |
               +--------+--------+--------+--------+--------+-----+--------+

Top non-repeatable levels by time:
     D:2: 1095 daAuts
     D:3: 928 daAuts
     D:1: 809 daAuts
     D:4: 379 daAuts
